| TOP OF THE 1ST |
|
Tri-City Dust Devils batting - Pitching for Lewiston Broncs : RHP Theo Shaw
|
|
Pitching: RHP Theo Shaw
|
|
|
Batting: LHB LaVel Freeman
|
0-0: Ball 1-0: Ball 2-0: Ball 3-0: Base on Balls
|
|
Batting: LHB Daraka Shaheed
|
0-0: Ball 1-0: Ball 2-0: Swinging Strike 2-1: Foul Ball, location: 2F 2-2: Strikes out swinging
|
|
Batting: RHB Desmond Brooks
|
0-0: Ball LaVel Freeman steals 2nd base 1-0: Ball 2-0: Ball 3-0: Base on Balls
|
|
Batting: RHB Felipe Hernandez
|
0-0: Called Strike 0-1: Called Strike 0-2: Strikes out looking
|
|
Batting: LHB Rafael Codinach
|
0-0: Ball 1-0: Foul Ball, location: 2F 1-1: Ball 2-1: Ball 3-1: Base on Balls LaVel Freeman to third Desmond Brooks to second
|
|
Batting: LHB George Priftis
|
0-0: Ball 1-0: Called Strike 1-1: Foul Ball, location: 2F 1-2: Ball 2-2: Ground out 5-3 (Groundball, 56S, EV 73.8 MPH)
|
| Top of the 1st over - 0 runs, 0 hits, 0 errors, 3 left on base; Tri-City 0 - Lewiston 0 |
| BOTTOM OF THE 1ST |
|
Lewiston Broncs batting - Pitching for Tri-City Dust Devils : RHP John Martinez
|
|
Pitching: RHP John Martinez
|
|
|
Batting: LHB Wayne Kirby
|
0-0: Ball 1-0: Foul Ball, location: 2F 1-1: Ball 2-1: SINGLE (Groundball, 56D, EV 103.1 MPH)
|
|
Batting: RHB Jay Roberts
|
0-0: Called Strike 0-1: Fly out, F8 (Flyball, 8LM, EV 75.0 MPH)
|
|
Batting: RHB Jeff Kunkel
|
0-0: Ball 1-0: Called Strike 1-1: Swinging Strike 1-2: Strikes out swinging
|
|
Batting: RHB Bruce Castoria
|
0-0: Ball 1-0: Foul Ball, location: 2F 1-1: Foul Ball, location: 2F 1-2: Strikes out swinging
|
| Bottom of the 1st over - 0 runs, 1 hit, 0 errors, 1 left on base; Tri-City 0 - Lewiston 0 |
| TOP OF THE 2ND |
|
Tri-City Dust Devils batting - Pitching for Lewiston Broncs : RHP Theo Shaw
|
|
Batting: RHB Dennis Glynn
|
0-0: Fly out, F8 (Flyball, 8RM, EV 83.8 MPH)
|
|
Batting: RHB Gereld McDermott
|
0-0: Ball 1-0: Foul Ball, location: 2F 1-1: Swinging Strike 1-2: Fly out, F7 (Flyball, 78D, EV 99.4 MPH)
|
|
Batting: RHB Jeff DeWillis
|
0-0: Called Strike 0-1: SINGLE (Groundball, 6MS, EV 68.8 MPH) (infield hit)
|
|
Batting: LHB LaVel Freeman
|
0-0: Ball 1-0: Called Strike 1-1: Foul Ball, location: 2F 1-2: Ball 2-2: Ball 3-2: Base on Balls Jeff DeWillis to second
|
|
Batting: LHB Daraka Shaheed
|
0-0: Ball 1-0: SINGLE (Groundball, 4D, EV 100.6 MPH) Jeff DeWillis to third LaVel Freeman to second Runner from 3rd tries for Home, SAFE, throw by CF to home
|
|
Batting: RHB Desmond Brooks
|
0-0: Called Strike 0-1: Ball 1-1: Swinging Strike 1-2: Foul Ball, location: 2F 1-2: Ball 2-2: Ball 3-2: Ground out 6-3 (Groundball, 56, EV 96.3 MPH)
|
| Top of the 2nd over - 1 run, 2 hits, 0 errors, 2 left on base; Tri-City 1 - Lewiston 0 |
| BOTTOM OF THE 2ND |
|
Lewiston Broncs batting - Pitching for Tri-City Dust Devils : RHP John Martinez
|
|
Batting: LHB Nestor Moreno
|
0-0: Foul Ball, location: 2F 0-1: Ball 1-1: Ground out 6-3 (Groundball, 6, EV 86.9 MPH)
|
|
Batting: RHB Sal D'Alessandro
|
0-0: SINGLE (Line Drive, 56D, EV 103.8 MPH)
|
|
Batting: RHB Julio Marin
|
0-0: Foul Ball, location: 2F 0-1: Swinging Strike 0-2: Ball 1-2: Ball 2-2: Strikes out swinging
|
|
Batting: RHB Tony Cordova
|
0-0: Called Strike 0-1: Ball 1-1: Called Strike 1-2: Ball 2-2: Foul Ball, location: 2F 2-2: Foul Ball, location: 2F 2-2: Strikes out swinging
|
| Bottom of the 2nd over - 0 runs, 1 hit, 0 errors, 1 left on base; Tri-City 1 - Lewiston 0 |
| TOP OF THE 3RD |
|
Tri-City Dust Devils batting - Pitching for Lewiston Broncs : RHP Theo Shaw
|
|
Batting: RHB Felipe Hernandez
|
0-0: Foul Ball, location: 2F 0-1: Foul Ball, location: 2F 0-2: Ball 1-2: Ball 2-2: Ball 3-2: DOUBLE (Flyball, 7LD, EV 111.9 MPH)
|
|
Batting: LHB Rafael Codinach
|
0-0: Ground out 6-3 (Groundball, 6M, EV 106.3 MPH) Felipe Hernandez to third
|
|
Batting: LHB George Priftis
|
0-0: Called Strike 0-1: Ball 1-1: Foul Ball, location: 2F 1-2: Foul Ball, location: 2F 1-2: Ball 2-2: Strikes out swinging
|
|
Batting: RHB Dennis Glynn
|
0-0: Called Strike 0-1: Ball 1-1: Ball 2-1: Ball 3-1: Base on Balls
|
|
Batting: RHB Gereld McDermott
|
0-0: Ball 1-0: SINGLE (Flyball, 8LM, EV 90.6 MPH) Felipe Hernandez scores Dennis Glynn to second
|
|
Batting: RHB Jeff DeWillis
|
0-0: Ball 1-0: Swinging Strike 1-1: Swinging Strike 1-2: Strikes out swinging
|
| Top of the 3rd over - 1 run, 2 hits, 0 errors, 2 left on base; Tri-City 2 - Lewiston 0 |
| BOTTOM OF THE 3RD |
|
Lewiston Broncs batting - Pitching for Tri-City Dust Devils : RHP John Martinez
|
|
Batting: RHB Steven Spalt
|
0-0: Called Strike 0-1: Ball 1-1: Reached on error, E4 (Groundball, 4, EV 81.3 MPH)
|
|
Batting: LHB Wayne Kirby
|
0-0: Swinging Strike 0-1: Fly out, F3 (Popup, 3F, EV 56.3 MPH)
|
|
Batting: RHB Jay Roberts
|
0-0: Fly out, F8 (Flyball, 8RXD, EV 99.4 MPH)
|
|
Batting: RHB Jeff Kunkel
|
0-0: Swinging Strike 0-1: Ball 1-1: Foul Ball, location: 2F 1-2: Ball Steven Spalt steals 2nd base 2-2: Strikes out looking
|
| Bottom of the 3rd over - 0 runs, 0 hits, 1 error, 1 left on base; Tri-City 2 - Lewiston 0 |
| TOP OF THE 4TH |
|
Tri-City Dust Devils batting - Pitching for Lewiston Broncs : RHP Theo Shaw
|
|
Batting: LHB LaVel Freeman
|
0-0: Bunt for hit to 13S - play at first, batter safe!
|
|
Batting: LHB Daraka Shaheed
|
0-0: Called Strike LaVel Freeman steals 2nd base 0-1: Ball 1-1: Called Strike 1-2: Strikes out swinging
|
|
Batting: RHB Desmond Brooks
|
0-0: Called Strike 0-1: Foul Ball, location: 2F 0-2: Ground out 6-3 (Groundball, 6D, EV 81.3 MPH) LaVel Freeman to third
|
|
Batting: RHB Felipe Hernandez
|
0-0: Ball 1-0: Ball 2-0: Fly out, F8 (Flyball, 8RS, EV 77.5 MPH)
|
| Top of the 4th over - 0 runs, 1 hit, 0 errors, 1 left on base; Tri-City 2 - Lewiston 0 |
| BOTTOM OF THE 4TH |
|
Lewiston Broncs batting - Pitching for Tri-City Dust Devils : RHP John Martinez
|
|
Batting: RHB Bruce Castoria
|
0-0: Ball 1-0: Fly out, F8 (Flyball, 8RXD, EV 97.5 MPH)
|
|
Batting: LHB Nestor Moreno
|
0-0: Ground out 4-3 (Groundball, 4S, EV 63.1 MPH)
|
|
Batting: RHB Sal D'Alessandro
|
0-0: Called Strike 0-1: Foul Ball, location: 2F 0-2: Ball 1-2: Fly out, F7 (Flyball, 7D, EV 95.0 MPH)
|
| Bottom of the 4th over - 0 runs, 0 hits, 0 errors, 0 left on base; Tri-City 2 - Lewiston 0 |
| TOP OF THE 5TH |
|
Tri-City Dust Devils batting - Pitching for Lewiston Broncs : RHP Theo Shaw
|
|
Batting: LHB Rafael Codinach
|
0-0: Ball 1-0: Ball 2-0: Called Strike 2-1: Ball 3-1: Base on Balls
|
|
Batting: LHB George Priftis
|
0-0: Foul Ball, location: 2F 0-1: SINGLE (Groundball, 56D, EV 110.0 MPH) Rafael Codinach to second
|
|
Batting: RHB Dennis Glynn
|
0-0: Called Strike 0-1: DOUBLE (Line Drive, 89D, EV 102.5 MPH) Rafael Codinach scores George Priftis to third
|
|
Batting: RHB Gereld McDermott
|
0-0: Called Strike 0-1: Foul Ball, location: 2F 0-2: Ball 1-2: Strikes out swinging
|
|
Batting: RHB Jeff DeWillis
|
0-0: Called Strike 0-1: Ball 1-1: Ground out 5-3 (Groundball, 5, EV 83.8 MPH)
|
|
Batting: LHB LaVel Freeman
|
0-0: Foul Ball, location: 2F 0-1: Foul Ball, location: 2F 0-2: Ball 1-2: Foul Ball, location: 2F 1-2: Ball 2-2: Ball 3-2: Foul Ball, location: 2F 3-2: Strikes out swinging
|
| Top of the 5th over - 1 run, 2 hits, 0 errors, 2 left on base; Tri-City 3 - Lewiston 0 |
| BOTTOM OF THE 5TH |
|
Lewiston Broncs batting - Pitching for Tri-City Dust Devils : RHP John Martinez
|
|
Batting: RHB Julio Marin
|
0-0: Ground out 5-3 (Groundball, 56, EV 101.3 MPH)
|
|
Batting: RHB Tony Cordova
|
0-0: Called Strike 0-1: Fly out, F9 (Line Drive, 9, EV 86.9 MPH)
|
|
Batting: RHB Steven Spalt
|
0-0: Ball 1-0: Ball 2-0: SINGLE (Groundball, 4M, EV 106.3 MPH) (infield hit)
|
|
Batting: LHB Wayne Kirby
|
0-0: Ball 1-0: Ball 2-0: Ball 3-0: Base on Balls Steven Spalt to second
|
|
Batting: RHB Jay Roberts
|
0-0: Called Strike 0-1: Ball 1-1: Called Strike 1-2: Strikes out swinging
|
| Bottom of the 5th over - 0 runs, 1 hit, 0 errors, 2 left on base; Tri-City 3 - Lewiston 0 |
| TOP OF THE 6TH |
|
Tri-City Dust Devils batting - Pitching for Lewiston Broncs : RHP Theo Shaw
|
|
Batting: LHB Daraka Shaheed
|
0-0: Ball 1-0: Called Strike 1-1: Swinging Strike 1-2: Foul Ball, location: 2F 1-2: Strikes out looking
|
|
Batting: RHB Desmond Brooks
|
0-0: Ball 1-0: Swinging Strike 1-1: Ball 2-1: Foul Ball, location: 2F 2-2: Ball 3-2: Base on Balls
|
|
Batting: RHB Felipe Hernandez
|
0-0: Foul Ball, location: 2F 0-1: Ball 1-1: Foul Ball, location: 2F 1-2: Foul Ball, location: 2F 1-2: Foul Ball, location: 2F 1-2: Ball 2-2: Foul Ball, location: 2F 2-2: Fielders Choice at 2nd, 6-4 (Groundball, 6MS, EV 83.1 MPH)
|
|
Batting: LHB Rafael Codinach
|
0-0: Ball 1-0: Ball 2-0: Ball 3-0: Base on Balls Felipe Hernandez to second
|
|
Batting: LHB George Priftis
|
0-0: Ball 1-0: Ball 2-0: Called Strike 2-1: Foul Ball, location: 2F 2-2: Foul Ball, location: 2F 2-2: Ball 3-2: Foul Ball, location: 2F 3-2: Foul Ball, location: 2F 3-2: Base on Balls Felipe Hernandez to third Rafael Codinach to second
|
|
Batting: RHB Dennis Glynn
|
0-0: Ball 1-0: Ground out 1-3 (Groundball, 34S, EV 73.1 MPH)
|
| Top of the 6th over - 0 runs, 0 hits, 0 errors, 3 left on base; Tri-City 3 - Lewiston 0 |
| BOTTOM OF THE 6TH |
|
Lewiston Broncs batting - Pitching for Tri-City Dust Devils : RHP John Martinez
|
|
Batting: RHB Jeff Kunkel
|
0-0: Ball 1-0: Fly out, F7 (Flyball, 7, EV 91.3 MPH)
|
|
Batting: RHB Bruce Castoria
|
0-0: Ground out 6-3 (Groundball, 6, EV 81.9 MPH)
|
|
Batting: LHB Nestor Moreno
|
0-0: Called Strike 0-1: Ball 1-1: Ground out 4-3 (Groundball, 4S, EV 89.4 MPH)
|
| Bottom of the 6th over - 0 runs, 0 hits, 0 errors, 0 left on base; Tri-City 3 - Lewiston 0 |
| TOP OF THE 7TH |
|
Tri-City Dust Devils batting - Pitching for Lewiston Broncs : RHP Theo Shaw
|
|
Batting: RHB Gereld McDermott
|
0-0: Called Strike 0-1: Ball 1-1: Ball 2-1: Ball 3-1: Called Strike 3-2: Foul Ball, location: 2F 3-2: Fly out, F3 (Popup, 34, EV 62.5 MPH)
|
|
Batting: RHB Jeff DeWillis
|
0-0: Ball 1-0: Ball 2-0: Called Strike 2-1: Foul Ball, location: 2F 2-2: Strikes out swinging
|
|
Batting: LHB LaVel Freeman
|
0-0: Foul Ball, location: 2F 0-1: Ball 1-1: Ball 2-1: Called Strike 2-2: Strikes out looking
|
| Top of the 7th over - 0 runs, 0 hits, 0 errors, 0 left on base; Tri-City 3 - Lewiston 0 |
| BOTTOM OF THE 7TH |
|
Lewiston Broncs batting - Pitching for Tri-City Dust Devils : RHP John Martinez
|
|
Batting: RHB Sal D'Alessandro
|
0-0: Ball 1-0: Ball 2-0: Swinging Strike 2-1: Swinging Strike 2-2: Ball 3-2: Fly out, F8 (Flyball, 8RD, EV 88.1 MPH)
|
|
Batting: RHB Julio Marin
|
0-0: Ball 1-0: Ball 2-0: Ball 3-0: Called Strike 3-1: Base on Balls
|
|
Batting: RHB Tony Cordova
|
0-0: SINGLE (Groundball, 56S, EV 65.0 MPH) (infield hit) Julio Marin to second
|
|
Batting: RHB Steven Spalt
|
0-0: Called Strike 0-1: Ball 1-1: Ball Julio Marin steals 3rd base 2-1: Ball 3-1: Base on Balls Tony Cordova to second
|
|
Batting: LHB Wayne Kirby
|
0-0: Foul Ball, location: 2F 0-1: SINGLE (Groundball, 6M, EV 107.5 MPH) Julio Marin scores Tony Cordova to third Steven Spalt to second Runner from 3rd tries for Home, SAFE, throw by CF to home
|
|
Pinch Hitting: LHB Alex Hernandez
|
0-0: Ball 1-0: Called Strike 1-1: Called Strike 1-2: Strikes out swinging
|
|
Batting: RHB Jeff Kunkel
|
0-0: Foul Ball, location: 2F 0-1: Fielders Choice at 2nd, 6-4 (Groundball, 56, EV 98.1 MPH)
|
| Bottom of the 7th over - 2 runs, 2 hits, 0 errors, 2 left on base; Tri-City 3 - Lewiston 2 |
| TOP OF THE 8TH |
|
Tri-City Dust Devils batting - Pitching for Lewiston Broncs : RHP Theo Shaw
|
|
Now in CF: Alex Hernandez
|
|
|
Batting: LHB Daraka Shaheed
|
0-0: Ball 1-0: Called Strike 1-1: Ball 2-1: Ball 3-1: Foul Ball, location: 2F 3-2: Foul Ball, location: 2F 3-2: Fly out, F7 (Flyball, 78D, EV 103.8 MPH)
|
|
Batting: RHB Desmond Brooks
|
0-0: Ball 1-0: Foul Ball, location: 2F 1-1: Ball 2-1: Foul Ball, location: 2F 2-2: Foul Ball, location: 2F 2-2: Foul Ball, location: 2F 2-2: Ball 3-2: Ground out 6-3 (Groundball, 6, EV 95.6 MPH)
|
|
Batting: RHB Felipe Hernandez
|
0-0: Called Strike 0-1: Ball 1-1: Ball 2-1: Ball 3-1: Base on Balls
|
|
Pitching: RHP Bradley Burger
|
|
|
Batting: LHB Rafael Codinach
|
0-0: Ball 1-0: Swinging Strike 1-1: Called Strike 1-2: Foul Ball, location: 2F 1-2: Ball 2-2: Strikes out swinging
|
| Top of the 8th over - 0 runs, 0 hits, 0 errors, 1 left on base; Tri-City 3 - Lewiston 2 |
| BOTTOM OF THE 8TH |
|
Lewiston Broncs batting - Pitching for Tri-City Dust Devils : RHP John Martinez
|
|
Batting: RHB Bruce Castoria
|
0-0: Foul Ball, location: 2F 0-1: Ball 1-1: Ball 2-1: Foul Ball, location: 2F 2-2: SINGLE (Line Drive, 9S, EV 108.1 MPH)
|
|
Batting: LHB Nestor Moreno
|
0-0: Called Strike 0-1: Ball 1-1: Ball 2-1: Grounds into double play, 1-6-3 (Groundball, 13, EV 63.1 MPH)
|
|
Batting: RHB Sal D'Alessandro
|
0-0: Ground out 4-3 (Groundball, 4, EV 91.3 MPH)
|
| Bottom of the 8th over - 0 runs, 1 hit, 0 errors, 0 left on base; Tri-City 3 - Lewiston 2 |
| TOP OF THE 9TH |
|
Tri-City Dust Devils batting - Pitching for Lewiston Broncs : RHP Bradley Burger
|
|
Pitching: LHP Brian Householder
|
|
|
Batting: LHB George Priftis
|
0-0: Ball 1-0: Foul Ball, location: 2F 1-1: Swinging Strike 1-2: Foul Ball, location: 2F 1-2: Strikes out looking
|
|
Batting: RHB Dennis Glynn
|
0-0: Fly out, F9 (Flyball, 9, EV 83.1 MPH)
|
|
Batting: RHB Gereld McDermott
|
0-0: Foul Ball, location: 2F 0-1: Called Strike 0-2: Foul Ball, location: 2F 0-2: Foul Ball, location: 2F 0-2: Ground out 4-3 (Groundball, 34, EV 88.8 MPH)
|
| Top of the 9th over - 0 runs, 0 hits, 0 errors, 0 left on base; Tri-City 3 - Lewiston 2 |
| BOTTOM OF THE 9TH |
|
Lewiston Broncs batting - Pitching for Tri-City Dust Devils : RHP John Martinez
|
|
Batting: RHB Julio Marin
|
0-0: Called Strike 0-1: Ball 1-1: Foul Ball, location: 2F 1-2: Ground out U3 (Groundball, 34, EV 86.3 MPH)
|
|
Batting: RHB Tony Cordova
|
0-0: Swinging Strike 0-1: Ball 1-1: Fly out, F4 (Flyball, 4D, EV 87.5 MPH)
|
|
Batting: RHB Steven Spalt
|
0-0: Called Strike 0-1: Ground out 6-3 (Groundball, 6, EV 84.4 MPH)
|
| Bottom of the 9th over - 0 runs, 0 hits, 0 errors, 0 left on base; Tri-City 3 - Lewiston 2 |
|